AoeStats
← 稳中带皮皮中带稳反手一个还就那个翻皮水的翻

Nomad

509943404Analyzed
4v4 RM · 5d ago on Sep 28, 2026· 65m 18s· 8 players
Game mode
Random Map
Map size
231×231
Population
200
Speed
Normal
Resources
Standard
Victory
Conquest
Starting age
Dark Age
Ending age
Imperial Age
RankedLock teamsTeams togetherTeam positionsShared explorationLock speedFull tech treeHidden civsTurbo modeCheats
Victory
Defeat
🇦🇷 Wu · Argentina
1605
+12
🇲🇽 Vikings · Mexico
1529
+15
🇦🇷 Japanese · Argentina
1495
+17
🇺🇾 Saracens · Uruguay
1490
+17
🇦🇷 Bohemians · Argentina
1575
-18
🇭🇰 Hindustanis · Hong Kong SAR China
1505
-15
🇧🇷 Byzantines · Brazil
1490
-14
Newlife
5:18 Loom
12:49 Feudal Age
14:05 Wheelbarrow
13:18 Double-Bit Axe
14:36 Fishing Lines
21:58 Castle Age
19:52 Stone Mining
19:55 Gold Mining
21:32 Horse Collar
22:57 Medium Warships
22:38 Gillnets
23:00 Bow Saw
25:20 Fletching
26:32 Bodkin Arrow
26:52 Heavy Plow
30:39 Stone Shaft Mining
30:40 Gold Shaft Mining
31:29 Scale Barding Armor
31:35 Forging
34:33 Imperial Age
32:20 Hand Cart
33:04 Chain Barding Armor
33:14 Husbandry
35:14 Iron Casting
36:50 Conscription
36:49 Elite Cataphract
38:26 Logistica
38:57 Plate Barding Armor
43:00 Hoardings
43:02 Man-at-Arms
43:44 Squires
48:32 Chemistry
49:21 Two-Man Saw
49:19 Ballistics
48:40 Treadmill Crane
49:04 Bracer
49:05 Padded Archer Armor
50:34 Elite Skirmisher
51:19 Thumb Ring
51:37 Leather Archer Armor
jardan1234
5:06 Loom
13:07 Feudal Age
14:02 Town Watch
16:57 Castle Age
15:51 Horse Collar
16:32 Double-Bit Axe
17:08 Gold Mining
18:15 Bow Saw
20:27 Wheelbarrow
天崩地裂
4:35 Loom
13:22 Feudal Age
14:18 Town Watch
17:19 Castle Age
15:31 Double-Bit Axe
19:32 Bow Saw
21:08 Wheelbarrow
21:49 Fervor
29:50 Imperial Age
28:03 Fletching
30:01 Chemistry
29:13 Bodkin Arrow
32:12 Conscription
32:56 Hand Cart
32:45 Scale Mail Armor
33:28 Town Patrol
33:20 Elite Hussite Wagon
36:14 Chain Mail Armor
36:17 Pikeman
36:58 Squires
36:43 Arson
37:29 Plate Mail Armor
37:56 Wagenburg Tactics
37:53 Houfnice
39:53 Man-at-Arms
40:35 Horse Collar
41:35 Siege Engineers
41:51 Ballistics
42:12 Masonry
42:43 Halberdier
44:35 Forging
45:32 Two-Man Saw
46:20 Iron Casting
46:36 Heavy Plow
48:38 Bombard Tower
48:49 Architecture
49:21 Blast Furnace
52:31 Bracer
54:49 Padded Archer Armor
稳中带皮皮中带稳反手一个还就那个翻皮水的翻
5:48 Loom
12:37 Feudal Age
15:13 Double-Bit Axe
17:15 Gold Mining
18:02 Stone Mining
21:37 Castle Age
19:55 Fishing Lines
23:26 Gold Shaft Mining
22:52 Fletching
24:20 Bow Saw
40:25 Murder Holes
53:30 Medium Warships
[IMGG] oso anti pro
5:11 Loom
14:27 Feudal Age
18:18 Castle Age
16:48 Double-Bit Axe
18:29 Gold Mining
19:09 Medium Warships
19:42 Town Watch
20:09 Bow Saw
19:53 Fletching
20:34 Fishing Lines
22:12 Bodkin Arrow
22:09 Gillnets
28:55 Horse Collar
31:08 Ballistics
32:21 Padded Archer Armor
34:39 Leather Archer Armor
34:22 Crossbowman
35:58 Gold Shaft Mining
35:15 Stone Mining
40:09 Imperial Age
39:05 Squires
39:06 Scale Mail Armor
42:20 Bracer
43:30 Chain Mail Armor
43:22 Heavy Plow
44:26 Two-Man Saw
44:43 Crop Rotation
44:55 Conscription
44:06 Onager
45:41 Town Patrol
46:41 Arson
48:09 Arbalester
49:31 Ring Archer Armor
49:32 Plate Mail Armor
50:04 Chemistry
48:44 Treadmill Crane
49:10 Siege Engineers
50:03 Forging
52:48 Elite Varangian Guard
52:50 Pikeman
52:51 Man-at-Arms
54:29 Iron Casting
55:30 Conscription
55:13 Bogsveigar
55:49 Hoardings
55:17 Chieftains
63:11 Blast Furnace
64:05 Scale Barding Armor
66:16 Chain Barding Armor
le ignacio
5:12 Loom
13:47 Feudal Age
15:01 Town Watch
18:12 Castle Age
17:08 Horse Collar
27:39 Wheelbarrow
26:58 Gold Mining
28:50 Scale Mail Armor
29:20 Forging
30:33 Double-Bit Axe
30:58 Heavy Plow
31:30 Bow Saw
34:49 Gold Shaft Mining
34:33 Hand Cart
34:58 Stone Mining
38:25 Imperial Age
36:56 Chain Mail Armor
38:18 Iron Casting
37:31 Gambesons
37:47 Squires
37:34 Arson
38:32 Elite Samurai
39:16 Padded Archer Armor
39:47 Plate Mail Armor
40:48 Blast Furnace
40:54 Blast Furnace
42:19 Conscription
43:47 Fletching
44:29 Bodkin Arrow
44:57 Ballistics
45:37 Chemistry
44:48 Masonry
44:20 Treadmill Crane
45:16 Bracer
45:16 Padded Archer Armor
46:24 Leather Archer Armor
46:16 Thumb Ring
46:23 Bloodlines
46:14 Husbandry
46:42 Parthian Tactics
45:38 Heavy Cavalry Archer
47:41 Ring Archer Armor
48:20 Two-Man Saw
48:46 Kataparuto
53:24 Siege Engineers
52:56 Onager
58:25 Elite Skirmisher
AxD | Keiokenkun-Uno-Puro
4:43 Loom
9:58 Loom
12:31 Feudal Age
16:11 Castle Age
15:01 Scale Mail Armor
15:09 Gold Mining
15:15 Double-Bit Axe
18:57 Squires
19:00 Pikeman
20:45 Squires
23:58 Bow Saw
28:10 Horse Collar
29:10 Wheelbarrow
32:33 Heavy Plow
32:31 Fishing Lines
34:36 Hand Cart
34:20 Town Watch
38:41 Imperial Age
36:36 Bloodlines
36:33 Scale Barding Armor
36:46 Forging
36:43 Husbandry
38:11 Chain Barding Armor
40:06 Iron Casting
39:00 Heavy Hei Guang Cavalry
40:22 Plate Barding Armor
42:53 Blast Furnace
49:14 Light Cavalry
52:31 Hussar
53:44 Fletching
[GGnT] Nanito_Uy
5:34 Loom
13:52 Feudal Age
18:16 Castle Age
17:17 Horse Collar
19:02 Double-Bit Axe
29:37 Town Watch
30:41 Forging
49:12 Fishing Lines
51:05 Wheelbarrow
53:15 Bow Saw
54:00 Bow Saw
54:53 Heavy Plow
57:00 Hand Cart
59:17 Gold Mining
59:18 Stone Mining
61:48 Gold Shaft Mining
62:28 Iron Casting
64:30 Imperial Age
62:32 Scale Barding Armor
63:10 Bloodlines
63:26 Husbandry
62:46 Light Cavalry
64:17 Chain Barding Armor
65:12 Hussar
66:32 Plate Barding Armor
Connection lost

Rejoining the realm…

Still unreachable

The connection could not be restored.

Session expired

The server has moved on; the page needs a fresh start.